 Dungeon Crawl Stone Soup version 0.31.0-12-g77e489cdc1 (webtiles) character file.

Game seed: 6040045134391587985

392284 Minsecho the Cloud Mage (level 23, -11/152 HPs)
             Began as a Tengu Air Elementalist on Feb 23, 2024.
             Was the Champion of Ashenzari.
             Mangled by a +2 battleaxe of venom (13 damage)
             ... animated by Zenata
             ... on level 1 of the Vaults on Feb 25, 2024.
             The game lasted 04:52:44 (80374 turns).

Minsecho the Cloud Mage (Tengu Air Elementalist)   Turns: 80374, Time: 04:52:45

Health: -11/152    AC: 34    Str: 13    XL:     23   Next: 12%
Magic:  27/51      EV: 24    Int: 22    God:    Ashenzari [******]
Gold:   6758       SH: 11    Dex: 27    Spells: 7/68 levels left

rFire   + + +        V - +9 scimitar "Share My Mistrust" {distort, Comp, Elem} (curse)
rCold   + + +        U - +3 warlock's mirror {omnireflect, Bglg, Self} (curse)
rNeg    + . .        f - +8 fire dragon scales "Eternal With Me" {rF++ rC-, Elem, Melee} (curse)
rPois   .            x - +2 hat of the Oracular Sky {Self, Cun} (curse)
rElec   +            X - scarf of Ashenzari's Boredom {rC+ rF+, Melee, Comp} (curse)
rCorr   .            Y - +2 pair of gloves "Chained With Me" {Dex+3, Cun, Elem} (curse)
SInv    +            (boots unavailable)
Will    ++++.        M - amulet of the Four Winds {rN+ Will+++ Clar, Sorc, Elem} (curse)
Stlth   +++          e - ring "I Foresaw This" {rElec AC+4 Str+2 Int+5 Dex+2, Elem, Melee} (curse)
HPRegen 0.45/turn    z - ring of Supernal Gnosis {rC+++ AC+4 Slay+4, Self, Dev} (curse)
MPRegen 0.32/turn

%: reflection, acrobat, clarity
@: lethally poisoned (-11 -> -14), flying, studying 2 skills
A: beak, talons 3, evasive flight, acrobatic
}: 2/15 runes: decaying, gossamer
a: Renounce Religion, Shatter the Chains


You were on level 1 of the Vaults.
You worshipped Ashenzari.
Ashenzari was exalted by your worship.
You visited 9 branches of the dungeon, and saw 39 of its levels.
You also visited: Sewer, Bailey and Gauntlet.

You collected 6878 gold pieces.
You spent 120 gold pieces at shops.

Inventory:

Hand Weapons
 V - the cursed +9 scimitar "Share My Mistrust" (weapon) {distort, Comp, Elem}
   (You took it off a deep elf knight on level 2 of the Elven Halls)

   It has a curse which improves the following skills: Companions: Summonings
   and Necromancy.
   Elements:  Fire Magic, Ice Magic, Air Magic and Earth Magic.
Missiles
 n - 13 javelins
 D - 10 atropa-tipped darts
 P - 5 throwing nets
 R - a curare-tipped dart
Armour
 f - the cursed +8 fire dragon scales "Eternal With Me" (worn) {rF++ rC-, Elem, Melee}
   (You found it on level 2 of the Depths)

   rF++:      It greatly protects you from fire.
   rC-:       It makes you vulnerable to cold.
   It has a curse which improves the following skills: Elements: Fire Magic, Ice
   Magic, Air Magic and Earth Magic.
   Melee Combat: Short Blades, Long Blades, Axes, Maces & Flails, Polearms,
   Staves and Unarmed Combat.
 x - the cursed +2 hat of the Oracular Sky (worn) {Self, Cun}
   (You took it off Gastronok on level 11 of the Dungeon)

   It has a curse which improves the following skills: Introspection: Fighting
   and Spellcasting.
   Cunning:   Dodging and Stealth.
 U - the cursed +3 warlock's mirror (worn) {omnireflect, Bglg, Self}
   (You acquired it in a bailey)

   Omnireflect: It can block and reflect piercing ranged attacks and magical
   attacks against the wielder's willpower.
   It has a curse which improves the following skills: Beguiling: Hexes and
   Translocations.
   Introspection: Fighting and Spellcasting.
 X - the cursed scarf of Ashenzari's Boredom (worn) {rC+ rF+, Melee, Comp}
   (You found it in a bailey)

   It has a curse which improves the following skills: Melee Combat: Short
   Blades, Long Blades, Axes, Maces & Flails, Polearms, Staves and Unarmed
   Combat.
   Companions: Summonings and Necromancy.
 Y - the cursed +2 pair of gloves "Chained With Me" (worn) {Dex+3, Cun, Elem}
   (You found it in a bailey)

   It has a curse which improves the following skills: Cunning: Dodging and
   Stealth.
   Elements:  Fire Magic, Ice Magic, Air Magic and Earth Magic.
Jewellery
 e - the cursed ring "I Foresaw This" (left hand) {rElec AC+4 Str+2 Int+5 Dex+2, Elem, Melee}
   (You found it on level 3 of the Elven Halls)

   [ring of protection]

   AC+4:      It affects your AC (+4).
   Str+2:     It affects your strength (+2).
   Int+5:     It affects your intelligence (+5).
   Dex+2:     It affects your dexterity (+2).
   rElec:     It insulates you from electricity.
   It has a curse which improves the following skills: Elements: Fire Magic, Ice
   Magic, Air Magic and Earth Magic.
   Melee Combat: Short Blades, Long Blades, Axes, Maces & Flails, Polearms,
   Staves and Unarmed Combat.
 t - a ring of positive energy
 z - the cursed ring of Supernal Gnosis (right hand) {rC+++ AC+4 Slay+4, Self, Dev}
   (You found it on level 4 of the Dungeon)

   [ring of protection]

   AC+4:      It affects your AC (+4).
   Slay+4:    It affects your accuracy & damage with ranged weapons and melee
   (+4).
   rC+++:     It renders you almost immune to cold.
   It has a curse which improves the following skills: Introspection: Fighting
   and Spellcasting.
   Devices:   Evocations and Shapeshifting.
 M - the cursed amulet of the Four Winds (around neck) {rN+ Will+++ Clar, Sorc, Elem}
   (You found it on level 2 of the Swamp)

   [amulet of nothing]

   rN+:       It protects you from negative energy.
   Will+++:   It greatly increases your willpower.
   Clar:      It protects you from confusion, rage, mesmerisation and fear.
   It has a curse which improves the following skills: Sorcery: Conjurations and
   Alchemy.
   Elements:  Fire Magic, Ice Magic, Air Magic and Earth Magic.
 O - the ring of Guph {rElec Will+ rCorr Int-3 Dex+3}
   (You took it off a minotaur in a Gauntlet)

   [ring of willpower]

   Int-3:     It affects your intelligence (-3).
   Dex+3:     It affects your dexterity (+3).
   rElec:     It insulates you from electricity.
   Will+:     It increases your willpower.
   rCorr:     It protects you from acid and corrosion.
 T - the ring of Adiovuck {rElec rC+ MP+9 Dex+6}
   (You acquired it in a bailey)

   [ring of dexterity]

   Dex+6:     It affects your dexterity (+6).
   rC+:       It protects you from cold.
   rElec:     It insulates you from electricity.
   MP+9:      It affects your magic capacity (+9).
Wands
 a - a wand of digging (19)
 g - a wand of charming (47)
 w - a wand of mindburst (24)
 G - a wand of iceblast (47)
 H - a wand of acid (3)
 J - a wand of polymorph (33)
 Q - a wand of flame (82)
Scrolls
 c - 15 scrolls of teleportation
 d - 6 scrolls of vulnerability
 k - 5 scrolls of fear
 m - 6 scrolls of butterflies
 r - 3 scrolls of blinking
 u - 9 scrolls of revelation
 A - 12 scrolls of poison
 E - 10 scrolls of fog
 F - 6 scrolls of torment
 I - 6 scrolls of noise
 K - 3 scrolls of silence
 L - 2 scrolls of immolation
Potions
 b - 2 potions of magic
 h - 5 potions of curing
 i - 6 potions of attraction
 j - 7 potions of haste
 l - 6 potions of brilliance
 o - 6 potions of might
 p - 2 potions of cancellation
 q - a potion of resistance
 s - 3 potions of berserk rage
 v - 3 potions of heal wounds
 B - 5 potions of enlightenment
 N - 8 potions of ambrosia
 S - 6 potions of invisibility
 W - 5 potions of mutation
Miscellaneous
 y - a condenser vane
 C - a phial of floods
 Z - a lightning rod (4/4)


   Skills:
 + Level 13.5(18.2) Fighting
 - Level 0.4(10.4) Short Blades
 + Level 15.6(20.2) Long Blades
 + Level 0.3 Throwing
 * Level 14.3 Armour
 + Level 11.8(15.3) Dodging
 + Level 4.3(7.6) Stealth
 + Level 7.9 Shields
 + Level 18.6(23.1) Spellcasting
 * Level 16.1(18.5) Conjurations
 * Level 18.3(21.6) Summonings
 + Level 3.2(6.3) Necromancy
 + Level 4.6(7.0) Translocations
 + Level 7.0(13.4) Fire Magic
 + Level 2.4(7.2) Ice Magic
 + Level 22.4(27) Air Magic
 + Level 1.4(3.1) Evocations


You had 7 spell levels left.
You knew the following spells:

 Your Spells              Type           Power      Damage    Failure   Level
a - Shock                 Conj/Air       100%       1d9       0%          1
b - Blink                 Tloc           100%       N/A       1%          2
c - Swiftness             Air            97%        N/A       0%          3
d - Summon Hydra          Summ           44%        N/A       1%          7
e - Scorch                Fire           100%       2d9       1%          2
f - Airstrike             Air            48%        2d(7-23)  0%          4
g - Summon Ice Beast      Ice/Summ       73%        N/A       1%          3
h - Hailstorm             Conj/Ice       70%        3d12      1%          3
i - Static Discharge      Conj/Air       100%       3-8/arc   0%          2
j - Flame Wave            Conj/Fire      77%        2d17      1%          4
k - Ensorcelled Hibernat  Hex/Ice        84%        N/A       2%          2
l - Conjure Ball Lightni  Conj/Air       45%        3x3d16    1%          6
m - Fugue of the Fallen   Necr           52%        N/A       1%          3
n - Frozen Ramparts       Ice            100%       1d16      1%          3
o - Brom's Barrelling Bo  Conj/Erth      62%        2d8       1%          4
p - Summon Lightning Spi  Summ/Air       93%        N/A       0%          4
q - Summon Blazeheart Go  Fire/Summ      80%        N/A       1%          4
r - Martyr's Knell        Necr/Summ      72%        N/A       1%          4

Your spell library contained the following spells:

 Spells                   Type           Power      Damage    Failure   Level
 Magic Dart               Conj           100%       1d8       0%          1
 Summon Small Mammal      Summ           100%       N/A       0%          1
 Call Imp                 Summ           100%       N/A       0%          2
 Call Canine Familiar     Summ           88%        N/A       0%          3
 Freeze                   Ice            100%       1d10      1%          1
 Necrotise                Necr           100%       1d9       1%          1
 Sting                    Conj/Alch      100%       1d9       1%          1
 Mercury Vapours          Alch/Air       100%       N/A       1%          2
 Sublimation of Blood     Necr           52%        N/A       1%          2
 Ozocubu's Armour         Ice            55%        N/A       1%          3
 Stone Arrow              Conj/Erth      100%       3d13      1%          3
 Vampiric Draining        Necr           52%        2d9       1%          3
 Animate Armour           Summ/Erth      100%       N/A       1%          4
 Fireball                 Conj/Fire      38%        3d16      1%          5
 Iskenderun's Battlesphe  Conj           82%        2d13      1%          5
 Summon Cactus Giant      Summ           44%        N/A       1%          6
 Monstrous Menagerie      Summ           44%        N/A       1%          7
 Spellforged Servitor     Conj/Summ      42%        N/A       1%          7
 Summon Mana Viper        Hex/Summ       65%        N/A       2%          5
 Orb of Destruction       Conj           41%        9d11      3%          7
 Sandblast                Erth           60%        2d14      4%          1
 Manifold Assault         Tloc           54%        N/A       4%          4
 Animate Dead             Necr           52%        N/A       5%          4
 Slow                     Hex            100%       N/A       7%          1
 Passwall                 Erth           30%        N/A       14%         3
 Curse of Agony           Necr           52%        N/A       16%         5
 Anguish                  Hex/Necr       20%        N/A       19%         4
 Malign Gateway           Summ/Tloc      36%        N/A       19%         7
 Confusing Touch          Hex            26%        N/A       21%         3
 Sigil of Binding         Hex            26%        N/A       21%         3
 Haunt                    Necr/Summ      36%        N/A       21%         7
 Metabolic Englaciation   Hex/Ice        21%        N/A       41%         5
 Olgreb's Toxic Radiance  Alch           26%        N/A       54%         4
 Dispersal                Tloc           27%        N/A       54%         6
 Death Channel            Necr           26%        N/A       65%         6
 Lee's Rapid Deconstruct  Erth           15%        3d10*     80%         5
 Sculpt Simulacrum        Ice/Alch       21%        N/A       94%         6
 Ozocubu's Refrigeration  Ice            27%        4d13      97%         7
 Summon Horrible Things   Summ           44%        N/A       7%          8
 Disjunction              Tloc           27%        N/A       100%        8
 Infestation              Necr           26%        N/A       100%        8
 Death's Door             Necr           26%        N/A       100%        9
 Fire Storm               Conj/Fire      38%        8d10      100%        9
 Polar Vortex             Ice            27%        12d3*     100%        9


Dungeon Overview and Level Annotations

Branches:
Dungeon (15/15)            Temple (1/1) D:4            Lair (5/5) D:9
  Swamp (4/4) Lair:3       Spider (4/4) Lair:2        Slime (0/5) Lair:4
    Orc (2/2) D:11            Elf (3/3) Orc:2        Vaults (1/5) D:14
 Depths (4/4) D:15            Zot (0/5) Depths:4      Sewer (visited)
 Bailey (visited)         Gauntlet (visited)

Altars:
Ashenzari
Cheibriados
Dithmenos
Elyvilon
Fedhas
Gozag
Hepliaklqana
Kikubaaqudgha
Makhleb
Nemelex Xobeh
Okawaru
Qazlal
Ru
Sif Muna
Trog
Uskayaw
Vehumet
Wu Jian
Xom
Yredelemnul
Zin
The Shining One
Jiyva

Shops:
Orc:2 [(([(   Elf:2 (   Elf:3 *   Depths:1 [   Depths:2 [   Depths:3 ??

Portals:
Hell: Depths:1 Depths:2 Depths:3 Depths:4
Abyss: Depths:2 Depths:3
Pandemonium: Depths:1 Depths:2
Ziggurat: Depths:3

Annotations:
Vaults:1 Zenata
Depths:4 1 runed translucent door
Abyss:1 Jory


Innate Abilities, Weirdness & Mutations

You have a beak for a mouth.
You have claws for feet.
Your magical flight helps you evade attacks. (EV +4)
You can magically evade attacks while moving or waiting.


Message History

The +4 trident of protection hits you from afar.
Casting: Airstrike (safe; 0% risk of failure)
Confirm with . or Enter, or press ? or * to list all spells.
Okay, then.
Unknown command.
Casting: Airstrike (safe; 0% risk of failure)
Confirm with . or Enter, or press ? or * to list all spells.
Okay, then.
Press: ? - help, v - describe, . - travel
Here: a +2 battleaxe of venom (summoned, fast)
The floor.
Casting: Airstrike (safe; 0% risk of failure)
Confirm with . or Enter, or press ? or * to list all spells.
An eight-headed hydra appears.
You feel ready to blink again.
The +4 trident of protection disappears in a puff of smoke!
The +0 long sword of flaming disappears in a puff of smoke!
The +1 scimitar of flaming disappears in a puff of smoke!
You block the +1 halberd of freezing's attack.
The +1 war axe of venom hits you!
You are poisoned.
The +3 vampiric glaive barely misses you.
You block the +2 battleaxe of venom's attack.
The +1 halberd of freezing hits you but does no damage.
The +1 war axe of venom completely misses you.
Casting: Summon Hydra (mildly dangerous; 1% risk of failure)
Confirm with . or Enter, or press ? or * to list all spells.
An eight-headed hydra appears.
You feel sick.
The +1 halberd of freezing hits you but does no damage.
The +3 vampiric glaive completely misses you.
The +2 battleaxe of venom hits you but does no damage.
The +1 war axe of venom completely misses you.
Zenata casts a spell at you.
A blast of power from the earth and the adjacent constructs strikes you!
* * * LOW HITPOINT WARNING * * *
The +1 halberd of freezing hits you but does no damage.
The +3 vampiric glaive hits you from afar!
* * * LOW HITPOINT WARNING * * *
The +2 battleaxe of venom hits you!
You die...

*,,,,,,,,,#......# #....
*+********######## ####'
,,,,,* ##.. {,,,,* ##...
,,,,,* ###### ##....
,,{,,*##....# ####..∩..
,,,,,##.....## ##.'......
,,,,,#...((..###..#......
,,,,,#..@(a.###...+......
,,,,,+DD.(..##....#....#.
,,,,,#....(#......#...###
,,,,,###.##(.....##..## *
****** ####.....###.##
*#......#*### *
*#........* **
*#.....##.## **,
#.....#*### *,,


You could see Zenata, 6 dancing weapons and 2 friendly eight-headed hydras.

Vanquished Creatures
  Josephina (Depths:4)
  Bai Suzhen (D:15)
  A golden dragon (Depths:4)
  2 bone dragons
  Arachne (Spider:2)
  Jorgrun (Swamp:2)
  A tentacled monstrosity (Depths:2)
  3 deep elf master archers (Elf:3)
  5 deep elf blademasters
  3 walking divine tomes (Depths:2)
  Asterion (Depths:1)
  A titan (Depths:2)
  2 sphinxes (Depths:2)
  4 shadow dragons
  Agnes (Spider:1)
  2 thorn hunters (Swamp:1)
  Frances (Swamp:1)
  Gastronok (D:11)
  Kirke (Elf:1)
  2 tengu reavers
  2 draconian knights (Depths:4)
  5 deep elf sorcerers
  An emperor scorpion (Spider:3)
  A fenstrider witch (Swamp:3)
  An iron dragon (Depths:2)
  6 fire giants
  2 balrugs
  9 frost giants
  3 deep elf elementalists
  4 spectral caustic shrikes (Depths:4)
  A ghoul (Swamp:3)
  An orc warlord (Orc:1)
  A reaper (Depths:1)
  A ghost moth (Spider:3)
  Louise (Spider:2)
  4 broodmothers (Spider:4)
  A spriggan defender (Depths:3)
  12 very ugly things
  A quicksilver ooze (Gauntlet)
  6 vampire knights
  12 stone giants
  4 green draconians (Depths:4)
  A black draconian (Depths:4)
  4 eleionomae
  8 deep elf annihilators
  2 dire elephants (Spider:3)
  4 deep elf death magi (Elf:3)
  The ghost of jimmypageman the Severer, a journeyman MiFi of Okawaru (D:12)
  4 bunyips
  5 deep elf demonologists
  A minotaur (Gauntlet)
  5 spark wasps
  A white draconian (Depths:4)
  Snorg (Lair:3)
  The ghost of Keadol the Thaumaturge, a journeyman DrCj of Vehumet (Lair:1)
  A jiangshi (Depths:2)
  4 ettins
  A yaktaur captain (D:13)
  6 great orbs of eyes
  7 fire dragons
  7 entropy weavers
  3 ice dragons
  A juggernaut simulacrum (Depths:4)
  14 hydras
  3 jorogumos
  2 deep elf high priests (Elf:3)
  A vault guard (D:14)
  7 rakshasas
  Erolcha (D:11)
  6 ghost crabs
  6 boulder beetles
  8 spriggan air magi
  2 ogre magi
  A death knight (D:15)
  A radroach (Spider:2)
  8 alligators
  12 centaur warriors
  19 dancing weapons
  8 two-headed ogres
  5 catoblepae
  6 orc high priests
  9 deep troll earth magi
  12 deep troll shamans
  7 tengu warriors
  2 vampire magi
  2 spriggan berserkers
  2 hell hogs (Depths:1)
  Urug (D:11)
  11 death yaks
  9 demonic crawlers
  2 hell knights
  2 soul eaters (Depths:1)
  25 deep elf knights
  3 skysharks
  5 sun demons
  4 skeletal warriors
  A death drake (Swamp:4)
  10 iron trolls
  3 goliath frogs
  21 deep trolls
  2 glowing orange brains (Depths:1)
  7 pharaoh ants
  3 shadow demons (Elf:1)
  3 spriggan druids
  2 sun moths
  8 bog bodies
  3 spectral hydras (Swamp:4)
  3 swamp dragons
  A spriggan simulacrum (Depths:4)
  5 phantasmal warriors
  13 orb spiders
  2 orc knights
  A flayed ghost (Depths:2)
  14 deep elf archers
  3 lindwurms (Vaults:1)
  An arcanist (D:12)
  A glowing orange brain (shapeshifter) (Depths:3)
  9 steelbarb worms
  Pikel (D:9)
  2 necromancers
  27 deep elf zephyrmancers
  2 ironbound convokers (Vaults:1)
  28 deep elf pyromancers
  4 spectral alligators (Swamp:4)
  An alligator zombie (Swamp:4)
  A sphinx simulacrum (Depths:4)
  2 oklob plants (Lair:5)
  15 wolf spiders
  5 cyclopes
  Maurice (D:11)
  2 will-o-the-wisps
  19 ugly things
  4 orc sorcerers
  5 moths of wrath
  6 elephants (Lair:3)
  4 kobold blastminers (Orc:2)
  3 meliai
  2 meliai (shapeshifter) (D:13)
  5 manticores
  A guardian serpent (shapeshifter) (D:13)
  5 black mambas
  3 smoke demons
  2 black mambas (shapeshifter) (D:13)
  5 torpor snails
  8 cane toads
  6 swamp worm zombies (Swamp:4)
  5 gargoyles
  4 kobold demonologists
  4 rime drakes
  3 unseen horrors
  A yaktaur (shapeshifter) (D:13)
  A hellion (Depths:1)
  6 tengu conjurers
  7 komodo dragons
  A yaktaur (D:13)
  2 efreet
  3 hydra zombies (Swamp:4)
  A troll (shapeshifter) (D:13)
  13 trolls
  7 polar bears
  34 tarantellas
  A hornet (shapeshifter) (D:13)
  16 tyrant leeches
  4 bloated husks
  A tarantella (shapeshifter) (D:13)
  A raiju (shapeshifter) (Elf:3)
  30 blink frogs
  7 dream sheep (Lair:5)
  14 hornets
  A glass eye (Depths:1)
  A spectral swamp dragon (Swamp:4)
  An iron dragon simulacrum (Depths:4)
  24 spriggans
  18 culicivoras
  3 water elementals
  37 slime creatures
  2 air elementals (Elf:3)
  2 shadows
  48 jumping spiders
  3 wyverns
  38 yaks
  A vampire (D:12)
  4 wraiths
  A warg (Orc:1)
  A fire elemental (Elf:1)
  2 tyrant leech zombies (Swamp:4)
  49 redbacks
  Grum (D:9)
  3 steam dragons
  18 swamp worms
  A naga (shapeshifter) (D:14)
  22 vampire mosquitoes
  An acid dragon (D:13)
  13 water moccasins
  Pargi (Sewer)
  40 orc warriors
  A swamp drake (Swamp:1)
  An ice beast (D:8)
  5 black bears
  2 laughing skulls (Gauntlet)
  4 swamp dragon zombies (Swamp:4)
  10 boggarts
  13 ogres
  34 wolves
  A lemure (D:9)
  9 phantoms
  10 centaurs
  A kobold brigand (D:8)
  A brain worm (Sewer)
  12 bullfrogs
  A necrophage (Swamp:3)
  2 gnoll sergeants
  2 scorpions
  7 wights (D:9)
  A troll zombie (D:11)
  3 killer bees (D:11)
  2 howler monkeys (D:12)
  7 electric eels
  6 hounds
  5 jellies
  4 bombardier beetles
  20 orc priests
  4 gnoll boudas
  5 iguanas
  19 orc wizards
  5 ogre zombies (D:11)
  36 gnolls
  5 adders
  A white imp (D:6)
  2 ufetubi (D:6)
  A dart slug (D:1)
  A ribbon worm (D:1)
  92 orcs
  6 ball pythons
  14 endoplasms
  4 giant cockroaches
  21 goblins
  11 hobgoblins
  3 jackals (D:3)
  A quokka (D:5)
  15 bats
  7 frilled lizards
  A gnoll skeleton (D:11)
  4 gnoll zombies (D:11)
  17 kobolds
  4 orc skeletons (D:11)
  10 orc zombies (D:11)
  7 rats
  A ball lightning (D:15)
  2 butterflies (Lair:1)
  A spectral weapon (D:15)
1639 creatures vanquished.

Vanquished Creatures (collateral kills)
  An emperor scorpion (Lair:2)
  A hell knight (Depths:1)
  A deep elf zephyrmancer (Elf:2)
  A raiju (Spider:3)
  A tarantella (Spider:3)
  A blink frog (Lair:1)
  A culicivora (Spider:3)
  A redback (Spider:1)
  2 boulders (Elf:3)
10 creatures vanquished.

Vanquished Creatures (others)
  The ghost of Vochiuc the Eclecticist, an adept DEFE of Vehumet (D:15)
  2 alligators (Swamp:2)
  A spriggan (D:15)
  A tengu conjurer (Depths:3)
  A polar bear (D:15)
  2 bloated husks
  A hornet (D:15)
  3 humans (Elf:1)
  A redback (Spider:4)
  A boggart (D:15)
  3 phantoms (Swamp:4)
  A kobold brigand (D:10)
  42 ball lightnings
  5 blazeheart cores
  7 boulders
  8 foxfires
80 creatures vanquished.

Grand Total: 1729 creatures vanquished

Notes
Turn   | Place    | Note
-------+----------+-------------------------------------------
     0 | D:1      | Minsecho the Tengu Air Elementalist began the quest for the
                  | Orb.
     0 | D:1      | Reached XP level 1. HP: 10/10 MP: 4/4
   279 | D:1      | Reached XP level 2. HP: 15/15 MP: 3/6
   748 | D:1      | Reached XP level 3. HP: 19/19 MP: 4/7
   864 | D:1      | Reached skill level 1 in Armour
  2213 | D:2      | Reached XP level 4. HP: 24/24 MP: 5/8
  2468 | D:2      | Found a glowing golden altar of the Shining One.
  2874 | D:3      | Reached skill level 1 in Fighting
  2997 | D:3      | Found a glowing drain.
  3003 | D:3      | Reached XP level 5. HP: 29/29 MP: 5/10
  3036 | D:3      | Learned a level 2 spell: Static Discharge
  3040 | D:3      | Learned a level 3 spell: Swiftness
  3044 | D:3      | Learned a level 3 spell: Stone Arrow
  3045 | Sewer    | Entered a sewer
  3111 | Sewer    | Reached skill level 5 in Air Magic
  3196 | Sewer    | Noticed Pargi
  3207 | Sewer    | Killed Pargi
  3208 | Sewer    | Reached XP level 6. HP: 28/35 MP: 2/11
  3513 | D:3      | Learned a level 2 spell: Scorch
  3582 | D:3      | Found an ancient bone altar of Kikubaaqudgha.
  3602 | D:3      | Found a bloodstained altar of Trog.
  3606 | D:3      | Found a snail-covered altar of Cheibriados.
  3745 | D:3      | Found a sparkling altar of Nemelex Xobeh.
  4242 | D:4      | Got the Precepts of the Voyage and the Mob
  4311 | D:4      | Gained mutation: Your magical flight helps you evade
                  | attacks. (EV +4) [Tengu growth]
  4311 | D:4      | Reached XP level 7. HP: 34/40 MP: 4/12
  4506 | D:4      | Identified the ring "Ziefor" {rC+++ AC+4 Slay+4}
  4772 | D:4      | Found a staircase to the Ecumenical Temple.
  4794 | Temple   | Entered the Ecumenical Temple
  4840 | Temple   | Became a worshipper of Ashenzari the Shackled
  5644 | D:5      | Entered Level 5 of the Dungeon
  5808 | D:5      | Reached skill level 6 in Air Magic
  6116 | D:5      | Reached XP level 8. HP: 46/46 MP: 11/15
  6210 | D:5      | Reached skill level 5 in Conjurations
  6353 | D:5      | Found a shimmering altar of Xom.
  7442 | D:6      | Noticed a wyvern
  7464 | D:6      | Killed a wyvern
  7465 | D:6      | Reached skill level 7 in Air Magic
  7593 | D:6      | Reached * piety under Ashenzari
  7690 | D:6      | Reached skill level 5 in Spellcasting
  7690 | D:6      | Reached XP level 9. HP: 52/52 MP: 3/17
  7921 | D:6      | Reached skill level 5 in Dodging
  8498 | D:7      | Reached skill level 5 in Fighting
  8857 | D:7      | Found a white marble altar of Elyvilon.
  9131 | D:7      | Reached ** piety under Ashenzari
  9806 | D:8      | Noticed a troll
  9813 | D:8      | Killed a troll
  9814 | D:8      | Reached skill level 1 in Fire Magic
  9814 | D:8      | Reached skill level 8 in Air Magic
  9952 | D:8      | Reached XP level 10. HP: 58/60 MP: 13/20
 10106 | D:8      | Found a flagged portal.
 10126 | Bailey   | Entered a bailey
 10196 | Bailey   | Learned a level 4 spell: Airstrike
 10462 | Bailey   | Noticed an orc high priest
 10471 | Bailey   | Noticed a sixfirhy
 10489 | Bailey   | Killed an orc high priest
 10612 | Bailey   | Identified 3 scrolls of acquirement
 10616 | Bailey   | Acquired the +3 warlock's mirror {omnireflect}
 10616 | Bailey   | Found the +3 warlock's mirror {omnireflect}
 10622 | Bailey   | Acquired the +4 scimitar "Lyteplem" {flame, Str+2}
 10624 | Bailey   | Acquired the ring of Adiovuck {rElec rC+ MP+9 Dex+6}
 10845 | Bailey   | Noticed an orc knight
 10858 | Bailey   | Killed an orc knight
 11132 | Bailey   | Found an iron altar of Okawaru.
 11132 | Bailey   | Noticed a kobold demonologist
 11147 | Bailey   | Killed a kobold demonologist
 12127 | D:9      | Found a hide-covered altar of Uskayaw.
 12162 | D:9      | Reached *** piety under Ashenzari
 12239 | D:9      | Reached skill level 9 in Air Magic
 12244 | D:9      | Noticed Grum
 12263 | D:9      | Reached XP level 11. HP: 49/67 MP: 3/22
 12271 | D:9      | Killed Grum
 13018 | D:9      | Found a staircase to the Lair.
 13357 | D:9      | Noticed Pikel
 13368 | D:9      | Killed Pikel
 13619 | D:10     | Entered Level 10 of the Dungeon
 13639 | D:10     | Acquired 972 gold pieces
 13681 | D:10     | Reached XP level 12. HP: 75/75 MP: 15/25
 13709 | D:9      | Learned a level 3 spell: Summon Ice Beast
 13713 | D:9      | Learned a level 3 spell: Hailstorm
 13716 | D:9      | Learned a level 2 spell: Blink
 13840 | D:10     | Reached skill level 1 in Ice Magic
 14698 | D:10     | Found a stormy altar of Qazlal.
 14708 | D:10     | Found a burning altar of Makhleb.
 14840 | D:11     | Reached skill level 5 in Armour
 15060 | D:11     | Noticed a two-headed ogre
 15069 | D:11     | Killed a two-headed ogre
 15070 | D:11     | Reached skill level 10 in Air Magic
 15146 | D:11     | Noticed Maurice
 15152 | D:11     | Killed Maurice
 15153 | D:11     | Reached skill level 1 in Summonings
 15153 | D:11     | Reached skill level 5 in Fire Magic
 15400 | D:11     | Noticed Urug
 15417 | D:11     | Killed Urug
 15418 | D:11     | Reached skill level 10 in Conjurations
 15433 | D:11     | Noticed Gastronok
 16736 | D:11     | Found a staircase to the Orcish Mines.
 16803 | D:11     | Killed Gastronok
 17284 | D:12     | Noticed Erolcha
 17290 | D:11     | Killed Erolcha
 17291 | D:11     | Reached skill level 1 in Evocations
 17291 | D:11     | Reached XP level 13. HP: 80/80 MP: 13/27
 17663 | D:11     | Reached **** piety under Ashenzari
 17890 | Lair:1   | Entered Level 1 of the Lair of Beasts
 17940 | Lair:1   | Found a runed translucent gate.
 17940 | Lair:1   | Found a runed translucent gate.
 17941 | Lair:1   | Found a runed translucent gate.
 17942 | Lair:1   | Noticed Keadol's ghost (journeyman DrCj)
 17942 | Lair:1   | Noticed a great orb of eyes
 17977 | Lair:1   | Reached skill level 1 in Long Blades
 18525 | Lair:1   | Reached skill level 10 in Dodging
 19175 | Lair:1   | Reached skill level 10 in Spellcasting
 19797 | Lair:1   | Found a viscous altar of Jiyva.
 20042 | Lair:2   | Reached skill level 11 in Air Magic
 20231 | Lair:2   | Found a hole to the Spider Nest.
 21367 | Lair:3   | Noticed Snorg
 21370 | Lair:3   | Reached skill level 10 in Fighting
 21374 | Lair:3   | Killed Snorg
 21884 | Lair:3   | Reached XP level 14. HP: 91/91 MP: 13/31
 22774 | Lair:3   | Reached skill level 5 in Summonings
 22912 | Lair:3   | Reached skill level 1 in Translocations
 23227 | Lair:3   | Found a staircase to the Swamp.
 23284 | Lair:3   | Reached skill level 12 in Air Magic
 24444 | Lair:4   | Found a staircase to the Slime Pits.
 24444 | Lair:4   | Found a viscous altar of Jiyva.
 24572 | Lair:4   | Reached skill level 5 in Long Blades
 25080 | Lair:5   | Entered Level 5 of the Lair of Beasts
 25080 | Lair:5   | Identified the +4 morningstar of the Gnashing Seeker
                  | {distort, rCorr}
 26067 | Lair:5   | Found the +1 robe of Vines {NoPotionHeal Regen++++}
 26646 | Lair:5   | Reached XP level 15. HP: 41/97 MP: 32/32
 26998 | Lair:5   | Paralysed by a hornet for 2 turns
 27278 | Lair:5   | Reached skill level 13 in Air Magic
 28525 | D:12     | Identified the +8 glaive of the Thing {freeze, rElec rF++
                  | Will- Dex+2}
 28928 | D:12     | Identified the Thoughts on Conflict
 28931 | D:12     | Identified the +7 halberd "Mamud" {flame, rElec Dex+5}
 28945 | D:12     | Learned a level 4 spell: Flame Wave
 28948 | D:12     | Learned a level 2 spell: Ensorcelled Hibernation
 28955 | D:12     | Learned a level 6 spell: Conjure Ball Lightning
 28959 | D:12     | Learned a level 3 spell: Fugue of the Fallen
 29280 | D:12     | Found a transporter.
 29281 | D:12     | Found a transporter.
 29281 | D:12     | Noticed jimmypageman's ghost (journeyman MiFi)
 29281 | D:12     | Identified the +6 great mace "Poerhob" {protect, Stlth+}
 29719 | D:9      | Identified the cursed scarf of Ashenzari's Boredom {rC+
                  | rF+, Melee, Comp} (You found it in a bailey)
 29719 | D:9      | Identified the cursed +2 hat of the Oracular Sky {Self,
                  | Cun} (You took it off Gastronok on level 11 of the Dungeon)
 29719 | D:9      | Identified the cursed +2 pair of gloves "Chained With Me"
                  | {Dex+3, Cun, Elem} (You found it in a bailey)
 29827 | Lair:1   | Killed Keadol's ghost
 29828 | Lair:1   | Reached skill level 1 in Necromancy
 30649 | D:13     | Found a gate leading to a gauntlet.
 30676 | Gauntlet | Entered a Gauntlet
 30676 | Gauntlet | Found a transporter.
 30676 | Gauntlet | Found a transporter.
 30676 | Gauntlet | Found a runed translucent gate.
 30678 | Gauntlet | Found a runed translucent gate.
 30689 | Gauntlet | Found a transporter.
 30704 | Gauntlet | Found a large runed translucent door.
 30705 | Gauntlet | Found a large runed translucent door.
 30706 | Gauntlet | Found a large runed translucent door.
 30706 | Gauntlet | Found a large runed translucent door.
 30706 | Gauntlet | Found a large runed translucent door.
 30706 | Gauntlet | Found a large runed translucent door.
 30706 | Gauntlet | Found a large runed translucent door.
 30706 | Gauntlet | Found a large runed translucent door.
 30707 | Gauntlet | Found a runed translucent door.
 30707 | Gauntlet | Found a runed translucent gate.
 30708 | Gauntlet | Found a transporter.
 30708 | Gauntlet | Found a runed translucent gate.
 30708 | Gauntlet | Found a transporter.
 30708 | Gauntlet | Found a transporter.
 30711 | Gauntlet | Found a transporter.
 30711 | Gauntlet | Found a transporter.
 30723 | Gauntlet | Found a transporter.
 30725 | Gauntlet | Identified the ring of the Skies Above {rPois Int+5}
 30740 | Gauntlet | Found a runed translucent door.
 30740 | Gauntlet | Noticed a cacodemon
 30741 | Gauntlet | Found a transporter.
 30742 | Gauntlet | Found a runed translucent door.
 30743 | Gauntlet | Identified the ring "Luosch" {*Slow rPois rN+ MP+9 SInv}
 30751 | Gauntlet | Found a transporter.
 30766 | Gauntlet | Found a transporter.
 30778 | Gauntlet | Found a large runed translucent door.
 30779 | Gauntlet | Found a large runed translucent door.
 30780 | Gauntlet | Found a large runed translucent door.
 30780 | Gauntlet | Found a large runed translucent door.
 30780 | Gauntlet | Found a large runed translucent door.
 30780 | Gauntlet | Found a large runed translucent door.
 30781 | Gauntlet | Found a runed translucent gate.
 30781 | Gauntlet | Found a large runed translucent door.
 30781 | Gauntlet | Found a runed translucent door.
 30781 | Gauntlet | Found a large runed translucent door.
 30786 | Gauntlet | Found a transporter.
 30800 | Gauntlet | Found a transporter.
 30817 | Gauntlet | Found a runed translucent gate.
 31354 | Gauntlet | Identified the +2 chain mail of the Cricket {-Tele Str+4
                  | Dex+4}
 31354 | Gauntlet | Identified the ring of Guph {rElec Will+ rCorr Int-3 Dex+3}
 32175 | D:13     | Reached skill level 5 in Shields
 32362 | D:13     | Reached XP level 16. HP: 104/104 MP: 3/34
 32953 | D:13     | Reached skill level 14 in Air Magic
 33872 | D:14     | Reached skill level 10 in Long Blades
 34254 | D:14     | Found a gate to the Vaults.
 35324 | D:15     | Entered Level 15 of the Dungeon
 36144 | D:15     | Found a staircase to the Depths.
 36470 | D:15     | Found a runed translucent door.
 36471 | D:15     | Identified the +1 trident "Ylolaere" {heavy, Int+3 SInv}
 36476 | D:15     | Noticed Vochiuc's ghost (adept DEFE)
 37232 | D:15     | Learned a level 3 spell: Frozen Ramparts
 37972 | D:12     | Killed jimmypageman's ghost
 38161 | Orc:1    | Entered Level 1 of the Orcish Mines
 38795 | Orc:2    | Entered Level 2 of the Orcish Mines
 39119 | Orc:2    | Found Pytenaor's Weapon Boutique.
 39143 | Orc:2    | Reached XP level 17. HP: 112/112 MP: 18/37
 39258 | Orc:2    | Found a staircase to the Elven Halls.
 39393 | Orc:2    | Reached skill level 15 in Air Magic
 39778 | Orc:2    | Found Bipo's Antique Weapon Shoppe.
 40442 | Orc:2    | Found Monuu's Antique Weapon Shop.
 40444 | Orc:2    | Found Hunn's Antique Armour Boutique.
 40625 | Orc:2    | Found Zeid's Armour Emporium.
 40959 | Spider:1 | Entered Level 1 of the Spider Nest
 41671 | Swamp:1  | Entered Level 1 of the Swamp
 42085 | Swamp:1  | Noticed Frances
 42095 | Swamp:1  | Killed Frances
 42398 | Swamp:1  | Identified the +1 quarterstaff "Venwila" {freeze, Will+
                  | Dex+2}
 44035 | Swamp:2  | Found the amulet of the Four Winds {rN+ Will+++ Clar}
 44184 | Swamp:2  | Reached ***** piety under Ashenzari
 44745 | Swamp:3  | Noticed Jorgrun
 44762 | Swamp:2  | Killed Jorgrun
 45089 | Swamp:3  | Reached skill level 16 in Air Magic
 46127 | Swamp:4  | Entered Level 4 of the Swamp
 46596 | Swamp:4  | Reached XP level 18. HP: 122/122 MP: 41/41
 47275 | Swamp:4  | Noticed a bone dragon
 47276 | Swamp:4  | HP: 4/120 [spore (26)]
 48232 | Swamp:4  | Killed a bone dragon
 48264 | Swamp:4  | Got a decaying rune of Zot
 48549 | Elf:1    | Entered Level 1 of the Elven Halls
 48685 | Elf:1    | Reached skill level 17 in Air Magic
 48939 | Elf:1    | Learned a level 4 spell: Brom's Barrelling Boulder
 49235 | Elf:1    | Reached skill level 15 in Spellcasting
 49581 | Elf:1    | Noticed Kirke
 49591 | Elf:1    | Killed Kirke
 49772 | Elf:1    | Identified the +7 orcbow "Geagonoc" {heavy, rN++ Will-}
 49819 | Elf:1    | Found a shimmering blue altar of Sif Muna.
 49819 | Elf:1    | Identified the +2 leather armour "Dukopot" {Stlth+}
 50468 | Elf:1    | Identified the amulet of Ticlojou {RegenMP rElec rF++ Str-4
                  | Int+2}
 50566 | Elf:1    | Reached skill level 10 in Armour
 50707 | Elf:1    | Noticed an Ice Fiend
 50943 | Elf:1    | Identified the Volume of Mustering
 51007 | Elf:1    | Learned a level 4 spell: Summon Lightning Spire
 51418 | Elf:2    | Identified the +2 leather armour of Impermeability {Rampage
                  | +Inv rC- Int+4}
 51546 | Elf:2    | Found a huge runed translucent gate.
 51546 | Elf:2    | Found a huge runed translucent gate.
 51546 | Elf:2    | Found a huge runed translucent gate.
 51557 | Elf:2    | Found a huge runed translucent gate.
 51557 | Elf:2    | Found a huge runed translucent gate.
 51810 | Elf:2    | Reached skill level 15 in Long Blades
 52106 | Elf:2    | Found Naules's Weapon Shop.
 52266 | Elf:3    | Entered Level 3 of the Elven Halls
 52322 | Elf:3    | Reached XP level 19. HP: 128/128 MP: 43/43
 52392 | Elf:3    | Reached skill level 18 in Air Magic
 52522 | Elf:3    | Paralysed by an air elemental for 1 turns
 52571 | Elf:3    | Reached skill level 10 in Summonings
 53446 | Elf:3    | Found Raohe's Assorted Antiques.
 54083 | Depths:1 | Entered Level 1 of the Depths
 54189 | Depths:1 | Noticed Asterion
 54207 | Depths:1 | Killed Asterion
 54746 | Depths:1 | Noticed Bai Suzhen
 56450 | Spider:2 | Noticed Arachne
 56458 | Spider:1 | Learned a level 4 spell: Summon Blazeheart Golem
 56463 | Spider:1 | Learned a level 4 spell: Martyr's Knell
 56490 | Spider:2 | Noticed Agnes
 56517 | Spider:1 | Killed Agnes
 57128 | Spider:2 | Noticed Louise
 57146 | Spider:2 | Killed Louise
 57588 | Spider:2 | Killed Arachne
 57977 | Spider:2 | Found a hide-covered altar of Uskayaw.
 58695 | Spider:3 | Reached XP level 20. HP: 111/134 MP: 1/45
 59104 | Spider:3 | Reached skill level 19 in Air Magic
 60527 | Spider:3 | Identified the +0 scale mail "Zealehip" {^Contam Int+8}
 60697 | Spider:4 | Entered Level 4 of the Spider Nest
 62264 | Spider:4 | Identified the +2 leather armour of Dexerapi {Rampage *Slow
                  | rF++ Slay+6}
 62704 | Spider:4 | Got a gossamer rune of Zot
 65205 | Elf:3    | Reached skill level 20 in Air Magic
 65679 | Elf:3    | Identified the ring "Rik Buov" {rElec AC+4 Str+2 Int+5
                  | Dex+2}
 65689 | Elf:3    | Identified the +1 orcbow of the Changing Eel {elec, rN++
                  | rCorr}
 65756 | Elf:3    | Identified the Spellbook of Spectral Algor
 65759 | Elf:3    | Identified the Catalogue of Misery
 65764 | Elf:3    | Identified the +3 rapier of Roetah {drain, rPois rCorr}
 65769 | Elf:3    | Reached XP level 21. HP: 103/140 MP: 30/47
 66677 | Depths:2 | Found a one-way gate to the infinite horrors of the Abyss.
 68036 | Depths:1 | Found Unenejis's Armour Shoppe.
 68508 | Depths:1 | Found a one-way gate leading to the halls of Pandemonium.
 68825 | Depths:1 | Reached skill level 15 in Summonings
 68985 | Depths:1 | Found a gateway to Hell.
 69641 | Depths:2 | Found Tyereu's Armour Emporium.
 70519 | Depths:2 | Reached skill level 21 in Air Magic
 70527 | Depths:2 | Reached ****** piety under Ashenzari
 73429 | Depths:3 | Noticed Jory
 73536 | Depths:3 | Banished Jory
 73644 | Depths:3 | Found a one-way gateway to a ziggurat.
 73837 | Depths:3 | Reached XP level 22. HP: 126/145 MP: 28/48
 74694 | Depths:3 | Reached skill level 15 in Conjurations
 75311 | Depths:3 | Found a shadowy altar of Dithmenos.
 75419 | Depths:3 | Found Hodapuf's Magic Scroll Shoppe.
 75428 | Depths:3 | Bought a scroll of blinking for 120 gold pieces
 75925 | Depths:3 | Found Cocaz's Magic Scroll Shoppe.
 76105 | Depths:4 | Entered Level 4 of the Depths
 76502 | Depths:4 | Reached skill level 22 in Air Magic
 77324 | Depths:4 | Identified the ring "Duosuh" {Ice Dex+3}
 77324 | Depths:4 | Noticed Josephina
 77392 | Depths:4 | Killed Josephina
 77989 | Depths:4 | Found a hazy altar of Hepliaklqana.
 78738 | Depths:4 | Found a runed translucent door.
 78741 | Depths:4 | Noticed a juggernaut
 79056 | Depths:4 | Noticed a golden dragon
 79061 | Depths:4 | Reached XP level 23. HP: 60/152 MP: 32/51
 79336 | Depths:4 | Found a gate to the Realm of Zot.
 79343 | Depths:4 | Killed a golden dragon
 79822 | D:15     | Learned a level 7 spell: Summon Hydra
 79841 | D:15     | Killed Bai Suzhen
 80020 | D:15     | Killed Vochiuc's ghost
 80175 | Vaults:1 | Entered Level 1 of the Vaults
 80359 | Vaults:1 | Noticed Zenata
 80374 | Vaults:1 | HP: 2/152 [+3 vampiric glaive[Zenata] (13)]
 80374 | Vaults:1 | Mangled by a +2 battleaxe of venom

Illustrated notes

Levels and vault maps discovered:
D:1:      dpeg_arrival_central, layout_basic, minmay_vboxes
D:2:      minmay_skewed_foursquare, layout_loops_ring, basic_altar,
          minmay_diced_spiral
D:3:      layout_rooms, grunt_temple_overflow_cloverleaf, portal_sewer_entry_d,
          serial_bayou_lagoon_b
D:4:      layout_loops_ring, minmay_temple_entry_overgrown,
          hangedman_decor_riveting, minmay_misc_feat_ornament,
          minmay_stone_trees_small, serial_library_regret_index_branch_corner,
          minmay_pentangle
D:5:      layout_layer_cave, mainiacjoe_overflow_six_doors_small
D:6:      layout_rooms, dreamdust_princess_bridge, kennysheep_generic_room_11
D:7:      layout_loops_ring, elyvilon_altar_5
D:8:      nicolae_cairo_tiling_very_big, layout_loops_ring, enter_bailey_5,
          small_statue_intersection, serial_bayou_pond_c
D:9:      layout_basic, eat_drink_and_be_merry_uskayaw, lair_entry_dummy,
          uniq_pikel, uniq_grum
D:10:     layout_irregular_city, mainiacjoe_overflow_big_doors
D:11:     layout_long_grid, zombieorc1_lemuel, nicolae_lava_and_water,
          uniq_gastronok, uniq_maurice, uniq_urug
D:12:     minmay_the_grid_square_5x5_3x3 [minmay_the_grid_square_5x5_lines,
          minmay_the_grid_square_5x5_eight, minmay_the_grid_square_5x5_shrine1,
          minmay_the_grid_square_5x5_mess,
          minmay_the_grid_square_5x5_megaprize_diamond,
          minmay_the_grid_square_5x5_v, minmay_the_grid_square_5x5_comb,
          minmay_the_grid_square_5x5_eight_small,
          minmay_the_grid_square_5x5_empty], layout_cave_pools,
          gammafunk_ghost_smash, uniq_erolcha
D:13:     nzn_winding_woodlands_huge [nzn_winding_woodlands_5x15_twine,
          nzn_winding_woodlands_5x15_pathside_ponds,
          nzn_winding_woodlands_5x15_eye, nzn_winding_woodlands_5x15_pockets,
          nzn_winding_woodlands_5x15_lazy_stream,
          nzn_winding_woodlands_5x15_garden,
          nzn_winding_woodlands_5x15_river_crossing,
          nzn_winding_woodlands_5x15_sidewinder,
          nzn_winding_woodlands_5x15_crooked,
          nzn_winding_woodlands_5x15_sawtooth,
          nzn_winding_woodlands_center_lodge,
          nzn_winding_woodlands_center_diamonds,
          nzn_winding_woodlands_15x15_boxy_spiral], layout_loops_ring,
          gauntlet_entry_generic, chequers_serial_rivers_micro_c
D:14:     layout_loops_ring, hellmonk_vaults_order_and_chaos, moated_statue,
          dreamdust_wishing_well, dk_noncrumbling_2
D:15:     grunt_enter_depths_snipers, layout_gridville, serial_park_tiny_2,
          ebering_ghost_funeral_grove
Temple:   nicolae_temple_god_jail
Lair:1:   layout_gridlike, gammafunk_ghost_ooze, st_stairs_7,
          beast_lair_carwin_2, lemuel_fruit_fields, lemuel_fruit_fields
Lair:2:   layout_regular_city, nicolae_spider_entry_lesser_pyramids,
          minivault_27, nicolae_quartered_pool_little, st_stairs_10
Lair:3:   layout_hall_layers, minmay_swamp_entry_reptiles, uniq_snorg
Lair:4:   layout_roguey, slime_entry_1
Lair:5:   minmay_lair_end_enchanted_forest, layout_cave_pods,
          hellmonk_guarded_unrand_vines
Swamp:1:  layout_basic_swamp, serial_swamp_ruin, hangedman_swamp_ruin_wall,
          evilmike_swamp_ruin_house_3, evilmike_swamp_ruin_house_2, uniq_frances
Swamp:2:  layout_basic_swamp, nicolae_swamp_long_stream, swamp_pool_1_2,
          wheals_swamp_sinkhole
Swamp:3:  layout_basic_swamp, evilmike_swamp_ruin_house_4,
          infiniplex_staircase_pool, uniq_jorgrun
Swamp:4:  swamp_pestilence, layout_basic_swamp, ldierk_geyser
Spider:1: layout_spider_delve, hangedman_spider_tarantella_strand
Spider:2: layout_spider_delve, nicolae_spider_altar_of_dancing, uniq_arachne,
          uniq_louise, uniq_agnes
Spider:3: layout_spider_delve, beargit_elvish_explorers
Spider:4: hellmonk_spider_rune_endless_swarm, nicolae_spider_swamp_cousins
Orc:1:    layout_caves
Orc:2:    grunt_orc_community_town_hall, layout_caves,
          grunt_orc_community_big_house_2, grunt_orc_community_big_house_2,
          grunt_orc_community_house_3, grunt_orc_community_house_3,
          grunt_orc_community_house_2, grunt_orc_community_house_1,
          grunt_orc_community_house_1, grunt_orc_community_house_2,
          serial_shops, nicolae_shop_mannequins, special_room
Elf:1:    layout_onion_city, nicolae_elf_blasts_and_bolts,
          hangedman_summoners_spam, uniq_kirke
Elf:2:    elven_hall_of_blades_hangedman_alternative
          [nicolae_blade_entry_pointy_end], layout_loops_cross, serial_shops,
          nicolae_shop_pleasant_corner_grove
Elf:3:    minmay_elf_hall, layout_rooms, serial_shops,
          nicolae_shop_real_fake_doors
Vaults:1: vaults_mumra_minichess_inversion, nicolae_vaults_big_angled_halls,
          v_misc_28, nicolae_vaults_little_squares_2,
          nicolae_vaults_tetromino_L_1, nicolae_vaults_layer_cake_slice,
          v_misc_16, dpeg_vaults_monster_box, nicolae_vaults_more_shelving_2,
          hangedman_vaults_corner_blocks, grunt_vaults_diagonal,
          nicolae_vaults_tetromino_T_1, nicolae_vaults_tetromino_T_2,
          layout_vaults_omnicross, uniq_zenata, uniq_nikola
Depths:1: layout_honeycomb, rand_demon_pan_entry_1, hellmouth_2, serial_shops,
          nicolae_shop_hallway_plus, minmay_holes, minislime_mu,
          uniq_bai_suzhen, uniq_asterion
Depths:2: minmay_broken_ring, layout_cave_pools, hellmouth_1,
          abyss_entry_crystal, kennysheep_cross_room, pan_entry, serial_shops,
          shop, minmay_staircase_windowed_large, grunt_megastairs_4
Depths:3: regret_index_dithmenos_penumbral_divide, layout_cross,
          enter_ziggurat_e, abyss_entry_small_statue_room,
          minmay_misc_feat_hallway, grunt_hell_entry_dis_grunt, serial_shops,
          kennysheep_mini_moat, nicolae_stop_n_shop_2, drop_trap,
          minmay_staircase_bubble, uniq_jory
Depths:4: grunt_zot_entry_alcove, layout_gridlike, pf_hell_entry_tar_river,
          nicolae_hepliaklqana_hazy_memory, minmay_hidden_floor, uniq_josephina

Skill      XL: |  1  2  3  4  5  6  7  8  9 10 11 12 13 14 15 16 17 18 19 20 21 22 |
---------------+-------------------------------------------------------------------+-----
Armour         | 1 2 3 4 5 6 7 8 10 11 12 13 14 | 14.3
Conjurations   | 2 3 4 5 7 8 9 10 11 12 13 14 16 | 16.1
Fighting       | 1 2 3 4 6 7 8 9 10 11 12 13 | 13.5
Air Magic      | 5 6 7 8 9 10 11 12 13 14 16 17 18 20 21 22 | 22.4
Spellcasting   | 3 4 5 6 7 8 9 10 11 12 13 14 15 16 17 18 | 18.6
Dodging        | 3 4 5 6 9 10 11 | 11.8
Stealth        | 3 4 |  4.3
Fire Magic     | 1 4 5 6 7 |  7.0
Shields        | 3 4 5 6 7 |  7.9
Ice Magic      | 1 2 |  2.4
Summonings     | 2 4 7 8 9 12 14 16 18 | 18.3
Evocations     | 1 |  1.4
Long Blades    | 4 6 9 11 13 15 | 15.6
Translocations | 1 3 4 |  4.6
Necromancy     | 2 3 |  3.2
Short Blades   | |  0.4
Throwing       | |  0.3

Action                     |  1- 3 |  4- 6 |  7- 9 | 10-12 | 13-15 | 16-18 | 19-21 | 22-24 || total
---------------------------+-------+-------+-------+-------+-------+-------+-------+-------++-------
  Melee: Dagger            |       |    13 |    23 |    25 |   181 |       |       |       ||   242
         Kick              |       |     6 |     7 |     5 |   193 |   271 |   339 |   201 ||  1022
         Peck              |       |     4 |     3 |     7 |   113 |   191 |   189 |   124 ||   631
         Scimitar          |       |       |       |       |   263 |   605 |   713 |   368 ||  1949
         Unarmed           |       |       |       |       |     8 |       |       |       ||     8
  Throw: Boomerang         |       |       |       |     1 |       |       |       |       ||     1
         Javelin           |       |       |       |       |       |     4 |     1 |       ||     5
   Cast: Shock             |   119 |    99 |   312 |   494 |   410 |    15 |       |       ||  1449
         Static Discharge  |       |       |     9 |    32 |    74 |       |     1 |       ||   116
         Swiftness         |       |       |     1 |     1 |    14 |    11 |    23 |     4 ||    54
         Scorch            |       |       |     1 |    20 |    89 |    84 |     4 |       ||   198
         Airstrike         |       |       |       |    38 |   302 |   724 |   801 |   222 ||  2087
         Blink             |       |       |       |     5 |    13 |    18 |    24 |     3 ||    63
         Summon Ice Beast  |       |       |       |     1 |     7 |     4 |    10 |     3 ||    25
         Hailstorm         |       |       |       |       |     5 |     3 |     7 |     6 ||    21
         Flame Wave        |       |       |       |       |       |    12 |    28 |     4 ||    44
         Conjure Ball Ligh |       |       |       |       |       |    10 |     4 |       ||    14
         Frozen Ramparts   |       |       |       |       |       |     5 |    15 |     7 ||    27
         Ensorcelled Hiber |       |       |       |       |       |     3 |     1 |       ||     4
         Fugue of the Fall |       |       |       |       |       |     4 |     4 |     2 ||    10
         Brom's Barrelling |       |       |       |       |       |     4 |    10 |       ||    14
         Summon Lightning  |       |       |       |       |       |       |     8 |       ||     8
         Martyr's Knell    |       |       |       |       |       |       |     5 |       ||     5
         Summon Blazeheart |       |       |       |       |       |       |     8 |       ||     8
         Summon Hydra      |       |       |       |       |       |       |       |     6 ||     6
 Invoke: Curse Item        |       |       |     3 |     2 |     2 |     4 |     3 |     1 ||    15
         Shatter the Chain |       |       |       |       |     3 |     1 |     2 |       ||     6
  Evoke: Wand              |       |     2 |     6 |     9 |    12 |    13 |    13 |       ||    55
         Phial of floods   |       |       |       |       |       |       |     1 |       ||     1
    Use: Scroll            |       |     5 |     3 |     5 |     3 |     6 |    23 |     3 ||    48
         Potion            |       |       |       |     1 |     1 |    11 |    10 |     1 ||    24
   Stab: Sleeping          |       |     1 |       |       |       |     4 |     1 |     2 ||     8
         Petrified         |       |       |       |       |     1 |       |       |       ||     1
         Distracted        |       |       |       |       |       |     1 |     5 |     1 ||     7
         Held in net/web   |       |       |       |       |       |       |     1 |       ||     1
         Confused          |       |       |       |       |       |       |       |     1 ||     1
 Armour: Robe              |     7 |       |       |       |       |       |       |       ||     7
         Leather armour    |       |    32 |     3 |       |       |       |       |       ||    35
         Ring mail         |       |       |    81 |   122 |   361 |   405 |   367 |       ||  1336
         Skin              |       |       |       |       |     1 |       |       |       ||     1
         Fire dragon scale |       |       |       |       |       |       |    37 |   213 ||   250
  Dodge: Dodged            |    15 |    42 |   115 |   197 |   628 |   775 |   885 |   277 ||  2934
  Block: Buckler           |       |       |       |   116 |   368 |   417 |   482 |   209 ||  1592
         Reflection        |       |       |       |    22 |    22 |    61 |    47 |    24 ||   176
